 Dungeon Sprint DCSS version 0.20-a0-893-g832831a (webtiles) character file.

1784 esc the Martial Artist (level 9, -9/81 HPs)
             Began as an Octopode Transmuter on Mar 17, 2017.
             Was a Believer of Wu Jian.
             Mangled by a deep troll (15 damage)
             ... in the Dungeon (Sprint I: "Red Sonja").
             The game lasted 00:06:04 (916 turns).

esc the Martial Artist (Octopode Transmuter)         Turns: 916, Time: 00:06:04

Health: -9/81      AC:  6    Str: 12    XL:     9   Next: 8%
Magic:  17/21      EV: 18    Int: 16    God:    Wu Jian [**....]
Gold:   81         SH:  0    Dex: 12    Spells: 12/25 levels left

rFire    x . .     SeeInvis .     - Unarmed
rCold    + + +     Gourm    .   (shield currently unavailable)
rNeg     . . .     Faith    .   (helmet currently unavailable)
rPois    +         Spirit   .   (no amulet)
rElec    .         Reflect  .   f - +4 ring of evasion
rCorr    .         Harm     .   (no ring)
MR       .....     NoTele   +   (no ring)
Stlth    +.........             (no ring)
Regen    0.3/turn               (no ring)
MPRegen  0.2/turn               (no ring)
                                (no ring)
                                (no ring)

@: ice-form
A: almost no armour, stealthy swim, amphibious, 8 rings, (constrict 8),
(camouflage 0), (gelatinous body 0)
a: End Transformation, Renounce Religion


You were in the Dungeon.
You worshipped Wu Jian.
Wu Jian was pleased with you.
You were not hungry.
You were a creature of crystalline ice.
You visited 1 branch You collected 513 gold pieces.
You spent 432 gold pieces at shops.

Inventory:

Missiles
 a - 39 arrows
Magical Staves
 h - an uncursed staff of fire {rF+}
   (You found it in the Dungeon)
Jewellery
 f - a +4 ring of evasion (left front paw)
   (You bought it in a shop in the Dungeon)
Scrolls
 i - a scroll of blinking {!r}
Potions
 d - 2 potions of curing
 g - 2 potions of magic
Books
 b - a book of Changes


   Skills:
 + Level 9.0 Fighting
 + Level 9.2 Dodging
 + Level 9.5 Unarmed Combat
 + Level 8.5 Spellcasting
 + Level 9.1 Transmutations


You had 12 spell levels left.
You knew the following spells:

 Your Spells              Type           Power        Failure   Level  Hunger
a - Beastly Appendage     Tmut           #####.       1%          1    None
b - Ice Form              Ice/Tmut       ###.....     17%         4    ###....
c - Spider Form           Tmut/Pois      ###.......   6%          3    #......
x - Blade Hands           Tmut           #####.....   10%         5    #####..


Dungeon Overview and Level Annotations

Branches:
Dungeon (1/1)

Altars:
Cheibriados
Dithmenos
Elyvilon
Fedhas
Gozag
Hepliaklqana
Kikubaaqudgha
Makhleb
Nemelex Xobeh
Okawaru
Qazlal
Ru
Sif Muna
Trog
Uskayaw
Vehumet
Wu Jian
Xom
Yredelemnul
Zin
The Shining One
Jiyva
Lugonu

Shops:
D %=


Innate Abilities, Weirdness & Mutations

You cannot wear most types of armour.
You are very stealthy in the water. (Stealth+)
You are amphibious.
You can wear up to eight rings at the same time.
((You can use your tentacles to constrict eight enemies at once.))
((Your skin changes colour to match your surroundings (Stealth+).))
((Your rubbery body absorbs attacks. (AC +1, EV +1)))


Message History

The ufetubus misses you. The ufetubus hits you.
The ufetubus completely misses you. x2
The kobold demonologist completely misses you.
You take 1 damage, and have 48/62 hp.
You slice the kobold demonologist!!
You kill the kobold demonologist!
The Council accepts your kill.
You can now perform distracting airborne attacks by moving against a solid obstacle.
The ufetubus disappears in a puff of smoke!
The rust devil disappears in a puff of smoke!
The ufetubus disappears in a puff of smoke!
You feel your dexterity returning.
Your Fighting skill increases to level 9!
Your Dodging skill increases to level 9!
Your Transmutations skill increases to level 9!
You have reached level 9!
Your experience leads to an increase in your attributes!
Increase (S)trength, (I)ntelligence, or (D)exterity?
You feel stronger.
You regained 5 hp, and now have 53/68 hp.
Unknown command.
Things that are here:
a dagger; a robe There isn't anything to butcher here.
Things that are here:
a dagger; a robe; a kobold corpse You butcher the kobold corpse.
Things that are here:
a dagger; a robe; 2 inedible chunks of flesh {@w0} You start resting.
Your tentacles revert to their normal proportions.
You start resting.
Health restored: 68; MP restored: 21
Things that are here:
a dagger; a robe; 2 inedible chunks of flesh {@w0}
There is an open door, spattered with blood here.
There is an open door here.
There is an open door here.
There is an open door here.
There is an ornate altar of the Wu Jian Council here.
You are feeling hungry.
You eat the bread ration {@e1}.
That bread ration really hit the spot!
There is an open door here.
You turn into a venomous arachnid creature.
You now have 18/21 mp.
You open the door.
A deep troll comes into view.
The deep troll shouts!
You hit the deep troll. You barely miss the deep troll.
The deep troll misses you.
The deep troll completely misses you. x2
You bite the deep troll!
The deep troll looks as sick as possible!
The deep troll completely misses you. x2; The deep troll closely misses you.
You hit the deep troll but do no damage.
The deep troll looks as sick as possible!
The deep troll misses you. x2; The deep troll claws you!
You take 12 damage, and have 56/68 hp.
You hit the deep troll.
The deep troll looks as sick as possible!
The deep troll barely misses you. The deep troll completely misses you.
The deep troll claws you!
You take 10 damage, and have 46/68 hp.
There is an open door here.
You bite the deep troll!
The deep troll looks as sick as possible!
You hit the deep troll. The deep troll bites you!
The deep troll completely misses you. The deep troll claws you!!
* * * LOW HITPOINT WARNING * * *
You take 31 damage, and have 16/68 hp.
MASSIVE DAMAGE!!
There is an ornate altar of the Wu Jian Council here.
There is an open door here.
MP restored: 21 Your transformation is almost over.
There is an open door here.
There is an open door here.
There is an open door, spattered with blood here.
You see here a giant spiked club.
You see here a club.
Your transformation has ended.
There is an open door here.
Okay, then.
Unknown command.
You turn into a creature of crystalline ice.
The deep troll barely misses you. The deep troll closely misses you.
The deep troll claws you!
* * * LOW HITPOINT WARNING * * *
You now have 11/81 hp.
You punch the deep troll! You freeze the deep troll. The deep troll misses you.
The deep troll closely misses you. The deep troll misses you.
You hit the deep troll. You freeze the deep troll. The deep troll misses you.
The deep troll claws you!
* * * LOW HITPOINT WARNING * * *
The deep troll barely misses you.
You take 9 damage, and have 2/81 hp.
You feel much better. The deep troll bites you!!
* * * LOW HITPOINT WARNING * * *
The deep troll barely misses you. The deep troll claws you!
You die...

####################
#<.#..)..#.)'..#__#.
#..YT.#..'..#..'..'.
#..#####'#####'#__##
#..####..#...#.####
#..#__####..##.#
#..#_____##'#_.+
#⌠⌠#_.∩...'..._#
####_..__##_.#'#
#_____###'#)#
############.####+##


You could see a deep troll.

Vanquished Creatures
  Sonja (D)
  2 kobold demonologists (D)
  A slime creature (D)
  Sigmund (D)
  A yak (D)
  A floating eye (D)
  An ogre (D)
  A jelly (D)
  Ijyb (D)
10 creatures vanquished.

Notes
Turn   | Place    | Note
-------+----------+-------------------------------------------
     0 | D        | esc the Octopode Transmuter began the quest for the Orb.
     0 | D        | Reached XP level 1. HP: 13/13 MP: 3/3
     4 | D        | Noticed Ijyb
    14 | D        | Killed Ijyb
    14 | D        | Reached skill level 2 in Fighting
    14 | D        | Reached skill level 3 in Dodging
    14 | D        | Reached skill level 3 in Spellcasting
    14 | D        | Reached skill level 3 in Transmutations
    14 | D        | Reached XP level 2. HP: 17/20 MP: 3/6
    14 | D        | Reached XP level 3. HP: 21/25 MP: 3/7
    19 | D        | Learned a level 3 spell: Spider Form
    25 | D        | Noticed an ogre
    29 | D        | Killed an ogre
    29 | D        | Reached skill level 4 in Fighting
    29 | D        | Reached skill level 4 in Dodging
    29 | D        | Reached skill level 5 in Unarmed Combat
    29 | D        | Reached skill level 4 in Spellcasting
    29 | D        | Reached skill level 4 in Transmutations
    29 | D        | Reached XP level 4. HP: 33/33 MP: 1/10
    33 | D        | Noticed Sigmund
    43 | D        | Killed Sigmund
    43 | D        | Reached skill level 5 in Fighting
    43 | D        | Reached skill level 5 in Dodging
    43 | D        | Reached skill level 6 in Unarmed Combat
    43 | D        | Reached skill level 5 in Spellcasting
    43 | D        | Reached skill level 5 in Transmutations
    43 | D        | Reached XP level 5. HP: 32/39 MP: 3/12
    43 | D        | Reached XP level 6. HP: 37/45 MP: 3/14
   133 | D        | Found an ornate altar of the Wu Jian Council.
   133 | D        | Found a deep blue altar of Sif Muna.
   135 | D        | Found a radiant altar of Vehumet.
   139 | D        | Reached skill level 6 in Dodging
   140 | D        | Became a worshipper of the Wu Jian Council
   180 | D        | Found Sourphouv's Jewellery Emporium.
   180 | D        | Found an ancient bone altar of Kikubaaqudgha.
   180 | D        | Found a hazy altar of Hepliaklqana.
   180 | D        | Found a stormy altar of Qazlal.
   180 | D        | Found a hide-covered altar of Uskayaw.
   180 | D        | Found a blossoming altar of Fedhas.
   180 | D        | Found a bloodstained altar of Trog.
   180 | D        | Found an iron altar of Okawaru.
   180 | D        | Found a basalt altar of Yredelemnul.
   180 | D        | Found a glowing golden altar of the Shining One.
   180 | D        | Found a snail-covered altar of Cheibriados.
   180 | D        | Found a sacrificial altar of Ru.
   180 | D        | Found a glowing silver altar of Zin.
   180 | D        | Found a shadowy altar of Dithmenos.
   180 | D        | Found a white marble altar of Elyvilon.
   180 | D        | Noticed a yak
   186 | D        | Killed a yak
   186 | D        | Reached skill level 6 in Fighting
   186 | D        | Reached skill level 7 in Unarmed Combat
   186 | D        | Reached skill level 6 in Spellcasting
   186 | D        | Reached skill level 6 in Transmutations
   187 | D        | Found an opulent altar of Gozag.
   190 | D        | Found a sparkling altar of Nemelex Xobeh.
   212 | D        | Noticed Sonja
   221 | D        | Killed Sonja
   221 | D        | Reached skill level 7 in Fighting
   221 | D        | Reached skill level 8 in Dodging
   221 | D        | Reached skill level 8 in Unarmed Combat
   221 | D        | Reached skill level 7 in Spellcasting
   221 | D        | Reached skill level 8 in Transmutations
   221 | D        | Reached XP level 7. HP: 15/54 MP: 13/17
   221 | D        | Reached XP level 8. HP: 16/61 MP: 14/19
   447 | D        | Found Yqomin's Food Boutique.
   486 | D        | Found a burning altar of Makhleb.
   486 | D        | Found a viscous altar of Jiyva.
   486 | D        | Found a shimmering altar of Xom.
   486 | D        | Found a corrupted altar of Lugonu.
   486 | D        | Noticed a slime creature
   508 | D        | Killed a slime creature
   508 | D        | Reached * piety under Wu Jian
   508 | D        | Reached skill level 8 in Fighting
   753 | D        | Bought a +4 ring of evasion for 432 gold pieces
   775 | D        | Learned a level 4 spell: Ice Form
   781 | D        | Learned a level 5 spell: Blade Hands
   782 | D        | Noticed a kobold demonologist
   783 | D        | Noticed a kobold demonologist
   787 | D        | Killed a kobold demonologist
   787 | D        | Reached skill level 9 in Unarmed Combat
   787 | D        | Reached skill level 8 in Spellcasting
   789 | D        | Noticed a rust devil
   793 | D        | Killed a kobold demonologist
   793 | D        | Reached ** piety under Wu Jian
   793 | D        | Reached skill level 9 in Fighting
   793 | D        | Reached skill level 9 in Dodging
   793 | D        | Reached skill level 9 in Transmutations
   793 | D        | Reached XP level 9. HP: 52/68 MP: 15/21
   884 | D        | Noticed a deep troll
   896 | D        | HP: 16/68 [deep troll (18)]
   913 | D        | HP: 11/81 [deep troll (12)]
   915 | D        | HP: 2/81 [deep troll (9)]
   916 | D        | Mangled by a deep troll

Vault maps used:
D:        dungeon_sprint_1

Skill      XL: |  1  2  3  4  5  6  7  8 |
---------------+-------------------------+-----
Fighting       | 2 4 5 7 9 |  9.0
Dodging        | 3 4 5 8 9 |  9.2
Spellcasting   | 3 4 5 7 8 |  8.5
Transmutations | 3 4 5 8 9 |  9.1
Unarmed Combat | 5 6 8 9 |  9.5

Action                   |  1- 3 |  4- 6 |  7- 9 || total
-------------------------+-------+-------+-------++-------
Melee: Unarmed           |    11 |    23 |    36 ||    70
       Kick              |     2 |       |       ||     2
       Constrict         |     1 |       |     2 ||     3
       Tentacles         |     1 |       |     1 ||     2
 Cast: Beastly Appendage |     1 |       |       ||     1
       Spider Form       |     1 |     3 |     2 ||     6
       Blade Hands       |       |       |     1 ||     1
       Ice Form          |       |       |     1 ||     1
  Use: Potion            |     2 |       |     1 ||     3
  Eat: Bread ration      |       |       |     1 ||     1
Armor: Skin              |       |     2 |     3 ||     5
Dodge: Dodged            |     2 |    24 |    62 ||    88

Vault maps used:
D:        dungeon_sprint_1

Table legend:
 A = Turns spent in this place as a percentage of turns spent in the entire game.
 B = Non-inter-level travel turns spent in this place as a percentage of non-inter-level travel turns spent in the entire game.
 C = Inter-level travel turns spent in this place as a percentage of turns spent in this place.
 D = Turns resting spent in this place as a percentage of non-inter-level travel turns spent in this place.
 E = Turns spent auto-exploring this place as a percentage of non-inter-level travel turns spent in this place.
 F = Non-inter-level travel turns spent in this place divided by the number of levels of this place that you've seen.
                   A       B       C       D       E      F
               +-------+-------+-------+-------+-------+----------------------
         Total | 100.0 | 100.0 |   0.6 |   3.9 |   0.0 | 359.0
       Dungeon | 100.0 | 100.0 |   0.6 |   3.9 |   0.0 | 359.0
               +-------+-------+-------+-------+-------+----------------------

Table legend:
 A = Kills in this place as a percentage of kills in entire the game.
 B = Kills by you in this place as a percentage of kills by you in the entire game.
 C = Kills by friends in this place as a percentage of kills by friends in the entire game.
 D = Other kills in this place as a percentage of other kills in the entire game.
 E = Experience gained in this place as a percentage of experience gained in the entire game.
 F = Experience gained in this place divided by the number of levels of this place that you have seen.
                   A       B       C       D       E      F
               +-------+-------+-------+-------+-------+----------------------
         Total | 100.0 | 100.0 |  -nan |  -nan | 100.0 | 2549.0
       Dungeon | 100.0 | 100.0 |  -nan |  -nan | 100.0 | 2549.0
               +-------+-------+-------+-------+-------+----------------------
